Predators vs Canadiens (R1)

Created - October 28, 2018 at 22:40

Goals
1 2 3 T
Predators 1 1 0 2
Canadiens 2 1 1 4
Shots
1 2 3 T
Predators 13 14 4 31
Canadiens 20 4 12 36

1st period

1. Predators , Mikael Granlund 4 (Alexander Ovechkin 3, Alexander Edler 2) at 7:33
2. Canadiens , Joe Pavelski 3 (Sidney Crosby 6) at 13:11 (PP)
3. Canadiens , Sidney Crosby 4 (Joe Pavelski 4, Luke Schenn 4) at 19:42 (PP)

Penalties :
Alexander Ovechkin (Nas) for Interference (Minor) at 13:10, Alexander Steen (Nas) for Tripping (Minor) at 19:18

2nd period

4. Canadiens , Brett Maclean 3 (Alexander Frolov 6, Vitaly Vishnevsky 2) at 6:45
5. Predators , Brendan Gallagher 3 (Ryan Kesler 2, Alexander Edler 3) at 7:25 (PP)

Penalties :
Vitaly Vishnevsky (Mon) for Hooking (Minor) at 0:46, Sidney Crosby (Mon) for Slashing (Minor) at 6:50, Andy Miele (Nas) for Hooking (Minor) at 8:33, Enver Lisin (Mon) for Boarding (Minor) at 14:48, Michal Rozsival (Nas) for Holding (Minor) at 18:01, Greg Stewart (Mon) for Hooking (Minor) at 18:43

3rd period

6. Canadiens , Joe Pavelski 4 (Sidney Crosby 7, Alexander Frolov 7) at 19:45 (Empty Net)

Penalties :
Justin Abdelkader (Nas) for Tripping (Minor) at 8:11, Anton Gustafsson (Nas) for Hooking (Minor) at 14:29

Goalie Stats

Viktor Fasth (Nas), 32 saves from 35 shots - (0.914), L, 5-1-1, 59:16 minutes
Henrik Lundqvist (Mon), 29 saves from 31 shots - (0.935), W, 3-2-1, 60:00 minutes

Players Stats for Predators

Player Name              G  A  P  +/- PIM S  H  SB GA TA FO     MP     PP MP  PK MP  
------------------------------------------------------------------------------------
Adam Burish              0  0  0   0  0   1  1  0  0  0  0/0    13:06   0:00   1:26 
Alexander Edler          0  2  2   0  0   2  4  2  2  1  0/0    27:19   3:10   4:38 
Alexander Ovechkin       0  1  1   0  2   8  2  0  1  0  1/1    20:57   3:12   1:11 
Alexander Steen          0  0  0   0  2   0  0  0  0  0  0/0    11:29   0:00   0:19 
Andy Miele               0  0  0   0  2   0  0  2  0  0  4/14   14:08   0:00   3:10 
Anton Gustafsson         0  0  0   0  2   0  0  0  0  0  1/3     8:36   0:00   0:47 
Brendan Gallagher        1  0  1   0  0   3  0  1  0  1  0/2    17:50   2:03   0:00 
Byron Bitz               0  0  0  -1  0   2  1  0  0  0  0/0    18:19   2:49   4:07 
Chris Lawrence           0  0  0   0  0   0  0  0  0  0  0/0     7:35   0:00   0:00 
Dmitri Kalinin           0  0  0  -1  0   1  0  2  0  0  0/0    12:36   0:00   0:00 
James Van Riemsdyk       0  0  0  -1  0   4  2  0  1  0  0/0    13:45   2:03   0:00 
John Moore               0  0  0   0  0   0  1  4  1  1  0/0    21:58   2:05   2:26 
Justin Abdelkader        0  0  0   0  2   2  1  1  1  0  1/1    10:10   0:00   1:34 
Michal Rozsival          0  0  0  -1  2   1  2  0  0  1  0/0    15:28   0:23   2:17 
Mikael Granlund          1  0  1   0  0   6  1  0  1  0  7/27   20:22   2:49   1:28 
Ryan Kesler              0  1  1  -1  0   0  1  1  0  0  11/12  14:54   2:26   0:06 
Ryan Mcdonagh            0  0  0   0  0   1  1  3  0  1  0/0    25:26   3:10   4:38 
Ryan Murray              0  0  0   0  0   0  1  0  0  2  0/0    17:35   2:05   0:09 

Players Stats for Canadiens

Player Name              G  A  P  +/- PIM S  H  SB GA TA FO     MP     PP MP  PK MP  
------------------------------------------------------------------------------------
Adam Pardy               0  0  0  -1  0   1  0  0  0  0  0/0    10:12   0:00   0:38 
Alexander Frolov         0  2  2   0  0   5  1  1  0  1  0/0    19:31   3:54   1:38 
Brett Maclean            1  0  1   1  0   5  1  1  1  0  1/2    14:20   0:00   1:27 
David Jones              0  0  0   1  0   2  1  0  0  0  1/1    13:18   0:06   0:00 
Dustin Boyd              0  0  0   1  0   0  1  1  0  0  5/6    14:33   0:09   0:33 
Dustin Kohn              0  0  0   0  0   0  1  0  0  0  0/0     3:53   0:00   0:17 
Enver Lisin              0  0  0   0  2   0  0  1  0  0  0/0     6:52   0:06   0:00 
Evgeny Dadonov           0  0  0   0  0   2  2  1  0  0  0/0    16:19   3:04   0:00 
Greg Stewart             0  0  0   0  2   0  3  0  0  0  0/0    17:32   3:03   0:14 
Jason Spezza             0  0  0   0  0   2  1  0  3  2  3/9    20:28   3:04   3:14 
Joe Pavelski             2  1  3   0  0   7  0  1  1  0  2/3    18:40   3:54   0:49 
Luke Schenn              0  1  1   0  0   1  1  2  0  1  0/0    29:06   3:49   3:21 
Marcel Goc               0  0  0   0  0   1  0  0  1  0  1/2     5:51   0:00   0:00 
Raphael Diaz             0  0  0   1  0   1  0  3  0  0  0/0    26:39   3:47   3:21 
Shaone Morrisonn         0  0  0   0  0   0  0  2  0  0  0/0    10:24   0:02   0:00 
Sidney Crosby            1  2  3   0  2   7  2  0  1  1  22/37  25:57   3:51   2:35 
Vitaly Vishnevsky        0  1  1   1  2   0  2  0  0  1  0/0    19:17   3:15   0:59 
Wes O'Neill              0  0  0   1  0   2  0  1  0  1  0/0    20:32   3:15   1:54 

3 Stars

1 - Joe Pavelski (Mon)
2 - Sidney Crosby (Mon)
3 - Brett Maclean (Mon)

Power Play

Predators - 1 on 4 Attempt(s) - 25.00%
Canadiens - 2 on 6 Attempt(s) - 33.33%

Penalty Kill

Predators - 4 on 6 Attempt(s) - 66.67% - Score 0 goal in Penalty Kill
Canadiens - 3 on 4 Attempt(s) - 75.00% - Score 0 goal in Penalty Kill

Team Stat

Predators - Hits : 18 - Faceoff Wins : 25 - Blocked Shots : 16 - Penalty Minutes : 12
Canadiens - Hits : 16 - Faceoff Wins : 35 - Blocked Shots : 14 - Penalty Minutes : 8

Official

Referees : Unknown
Linesman : Unknown

Game Notes

Joe Pavelski has scored in a empty net!

Finance

Level 1 -- Attendance: 6000 (100.00%) -- Ticket Income $528,000
Level 2 -- Attendance: 5000 (100.00%) -- Ticket Income $275,000
Level 3 -- Attendance: 1811 (90.55%) -- Ticket Income $65,196
Level 4 -- Attendance: 4000 (100.00%) -- Ticket Income $108,000
Luxury Box -- Attendance: 950 (95.00%) -- Ticket Income $147,250
Game was played at the Centre Bell.
Total Attendance: 17761 (98.67%)
Total Ticket Income: $1,123,446
Other Income: $168,517
Total Income: $1,291,963

Predators

5 vs 5 Forward 
   Center                   Left Wing                Right Wing               Time % Phy DF OF 
 1 Mikael Granlund          Alexander Ovechkin       Brendan Gallagher        40     1   2  2  
 2 Ryan Kesler              James Van Riemsdyk       Byron Bitz               30     1   2  2  
 3 Andy Miele               Alexander Steen          Adam Burish              20     2   1  2  
 4 Anton Gustafsson         Justin Abdelkader        Chris Lawrence           10     1   2  2  

5 vs 5 Defense 
   Defense                  Defense                                           Time % Phy DF OF 
 1 Ryan Mcdonagh            Alexander Edler                                   40     1   2  2  
 2 John Moore               Ryan Murray                                       30     1   2  2  
 3 Michal Rozsival          Dmitri Kalinin                                    20     1   2  2  
 4 John Moore               Alexander Edler                                   10     1   2  2  

PowerPlay Forward 
   Center                   Left Wing                Right Wing               Time % Phy DF OF 
 1 Mikael Granlund          Alexander Ovechkin       Byron Bitz               60     1   1  3  
 2 Ryan Kesler              James Van Riemsdyk       Brendan Gallagher        40     1   1  3  

PowerPlay Defense
   Defense                  Defense                                           Time % Phy DF OF 
 1 Ryan Mcdonagh            Alexander Edler                                   60     1   1  3  
 2 John Moore               Ryan Murray                                       40     1   2  2  

Penalty Kill 4 Players Forward 
   Center                   Wing                     Time % Phy DF OF 
 1 Andy Miele               Byron Bitz               60     1   2  2  
 2 Anton Gustafsson         Adam Burish              40     1   2  2  

Penalty Kill 4 Players Defense
   Defense                  Defense                  Time % Phy DF OF 
 1 Ryan Mcdonagh            Alexander Edler          60     1   2  2  
 2 John Moore               Michal Rozsival          40     1   2  2  

Penalty Kill - 3 Players Forward 
   Forward                                           Time % Phy DF OF 
 1 Byron Bitz                                        60     1   2  2  
 2 Adam Burish                                       40     1   2  2  

Penalty Kill - 3 Players Defense
   Defense                  Defense                  Time % Phy DF OF 
 1 Ryan Mcdonagh            Alexander Edler          60     1   2  2  
 2 John Moore               Michal Rozsival          40     1   2  2  

4 vs 4 Forward 
   Center                   Wing                     Time % Phy DF OF 
 1 Ryan Kesler              Alexander Ovechkin       60     1   2  2  
 2 Mikael Granlund          Brendan Gallagher        40     1   2  2  

4 vs 4 Defense
   Defense                  Defense                  Time % Phy DF OF 
 1 Ryan Mcdonagh            Alexander Edler          60     1   2  2  
 2 John Moore               Michal Rozsival          40     1   2  2  

Last Minutes Offensive
   Center                   Left Wing                Right Wing               Defense                  Defense                  
   Mikael Granlund          Alexander Ovechkin       Brendan Gallagher        Ryan Mcdonagh            Alexander Edler          

Last Minutes Defensive
   Center                   Left Wing                Right Wing               Defense                  Defense                  
   Ryan Kesler              Alexander Ovechkin       Byron Bitz               Ryan Mcdonagh            Alexander Edler          

Goaltenders
Starting : Viktor Fasth             
Backup : Chad Johnson             

Extra Forwards
Normal : Brendan Gallagher, James Van Riemsdyk, Justin Abdelkader - PP : Brendan Gallagher, James Van Riemsdyk - PK : Justin Abdelkader
Extra Defensemen
Normal : Michal Rozsival, Ryan Murray, John Moore - PP : Ryan Murray - PK : John Moore, Ryan Murray
Penalty Shots
Alexander Ovechkin, Ryan Kesler, Andy Miele, James Van Riemsdyk, Justin Abdelkader

Scratches
Barret Jackman (Healthy), Niclas Bergfors (Bruised Left Arm Injury)

Canadiens

5 vs 5 Forward 
   Center                   Left Wing                Right Wing               Time % Phy DF OF 
 1 Sidney Crosby            Alexander Frolov         Joe Pavelski             40     1   2  2  
 2 Jason Spezza             Greg Stewart             Evgeny Dadonov           30     1   2  2  
 3 Dustin Boyd              Brett Maclean            David Jones              20     1   2  2  
 4 Marcel Goc               Sidney Crosby            Enver Lisin              10     1   2  2  

5 vs 5 Defense 
   Defense                  Defense                                           Time % Phy DF OF 
 1 Luke Schenn              Raphael Diaz                                      40     1   2  2  
 2 Vitaly Vishnevsky        Wes O'Neill                                       30     1   2  2  
 3 Shaone Morrisonn         Adam Pardy                                        20     1   2  2  
 4 Dustin Kohn              Luke Schenn                                       10     1   2  2  

PowerPlay Forward 
   Center                   Left Wing                Right Wing               Time % Phy DF OF 
 1 Sidney Crosby            Alexander Frolov         Joe Pavelski             60     1   2  2  
 2 Jason Spezza             Greg Stewart             Evgeny Dadonov           40     1   2  2  

PowerPlay Defense
   Defense                  Defense                                           Time % Phy DF OF 
 1 Luke Schenn              Raphael Diaz                                      60     1   2  2  
 2 Vitaly Vishnevsky        Wes O'Neill                                       40     1   2  2  

Penalty Kill 4 Players Forward 
   Center                   Wing                     Time % Phy DF OF 
 1 Sidney Crosby            Jason Spezza             60     1   2  2  
 2 Joe Pavelski             Alexander Frolov         40     1   2  2  

Penalty Kill 4 Players Defense
   Defense                  Defense                  Time % Phy DF OF 
 1 Luke Schenn              Raphael Diaz             60     1   2  2  
 2 Vitaly Vishnevsky        Wes O'Neill              40     1   2  2  

Penalty Kill - 3 Players Forward 
   Forward                                           Time % Phy DF OF 
 1 Sidney Crosby                                     60     1   2  2  
 2 Jason Spezza                                      40     1   2  2  

Penalty Kill - 3 Players Defense
   Defense                  Defense                  Time % Phy DF OF 
 1 Luke Schenn              Raphael Diaz             60     1   2  2  
 2 Vitaly Vishnevsky        Wes O'Neill              40     1   2  2  

4 vs 4 Forward 
   Center                   Wing                     Time % Phy DF OF 
 1 Sidney Crosby            Jason Spezza             60     1   2  2  
 2 Joe Pavelski             Alexander Frolov         40     1   2  2  

4 vs 4 Defense
   Defense                  Defense                  Time % Phy DF OF 
 1 Luke Schenn              Raphael Diaz             60     1   2  2  
 2 Vitaly Vishnevsky        Wes O'Neill              40     1   2  2  

Last Minutes Offensive
   Center                   Left Wing                Right Wing               Defense                  Defense                  
   Sidney Crosby            Alexander Frolov         Joe Pavelski             Luke Schenn              Raphael Diaz             

Last Minutes Defensive
   Center                   Left Wing                Right Wing               Defense                  Defense                  
   Sidney Crosby            Alexander Frolov         Joe Pavelski             Luke Schenn              Raphael Diaz             

Goaltenders
Starting : Henrik Lundqvist         
Backup : Allen York               

Extra Forwards
Normal : Dustin Boyd, David Jones, Brett Maclean - PP : Dustin Boyd, David Jones - PK : Brett Maclean
Extra Defensemen
Normal : Shaone Morrisonn, Adam Pardy, Dustin Kohn - PP : Shaone Morrisonn - PK : Adam Pardy, Dustin Kohn
Penalty Shots
Sidney Crosby, Jason Spezza, Joe Pavelski, Alexander Frolov, Greg Stewart

Scratches
Brock Nelson (Healthy)

% Time on Ice - Predators

Lines # - Real PCT - Wanted PCT - Time Play
Normal Forward
1 - 33% - 40% - 14:57
2 - 27% - 30% - 12:19
3 - 24% - 20% - 10:44
4 - 17% - 10% - 7:35
Normal Defense
1 - 35% - 40% - 15:49
2 - 34% - 30% - 15:20
3 - 28% - 20% - 12:36
4 - 4% - 10% - 1:50
PP Forward
1 - 61% - 60% - 3:12
2 - 39% - 40% - 2:03
PP Defense
1 - 60% - 60% - 3:10
2 - 40% - 40% - 2:05
PK Forward
1 - 80% - 60% - 5:38
2 - 20% - 40% - 1:26
PK Defense
1 - 66% - 60% - 4:38
2 - 34% - 40% - 2:26
PK3 Forward
1 - 0% - 60%
2 - 0% - 40%
PK3 Defense
1 - 0% - 60%
2 - 0% - 40%
44 Forward
1 - 70% - 60% - 0:54
2 - 30% - 40% - 0:23
44 Defense
1 - 52% - 60% - 0:40
2 - 48% - 40% - 0:37
Last Minute Offensive  - 0:49
Last Minute Defensive  - 0:00
Total
Forward - 60:00
Defense - 60:00

% Time on Ice - Canadiens

Lines # - Real PCT - Wanted PCT - Time Play
Normal Forward
1 - 30% - 40% - 13:33
2 - 32% - 30% - 14:34
3 - 26% - 20% - 11:38
4 - 13% - 10% - 5:51
Normal Defense
1 - 39% - 40% - 17:54
2 - 33% - 30% - 14:55
3 - 21% - 20% - 9:34
4 - 7% - 10% - 3:13
PP Forward
1 - 57% - 60% - 4:00
2 - 43% - 40% - 3:04
PP Defense
1 - 54% - 60% - 3:49
2 - 46% - 40% - 3:15
PK Forward
1 - 84% - 60% - 4:26
2 - 16% - 40% - 0:49
PK Defense
1 - 64% - 60% - 3:21
2 - 36% - 40% - 1:54
PK3 Forward
1 - 0% - 60%
2 - 0% - 40%
PK3 Defense
1 - 0% - 60%
2 - 0% - 40%
44 Forward
1 - 74% - 60% - 0:57
2 - 26% - 40% - 0:20
44 Defense
1 - 64% - 60% - 0:49
2 - 36% - 40% - 0:28
Last Minute Offensive  - 0:00
Last Minute Defensive  - 0:48
Total
Forward - 60:00
Defense - 60:00

Play by Play

1st period


0:01 of 1st period - Sidney Crosby wins face-off versus Brendan Gallagher in neutral zone.
0:14 of 1st period - Snap shot by Sidney Crosby.
0:14 of 1st period - Stopped by Viktor Fasth without a rebound.
0:15 of 1st period - Ryan Kesler wins face-off versus Jason Spezza in Predators zone.
1:12 of 1st period - Wrist shot by Sidney Crosby.
1:12 of 1st period - Shot Blocked by Dmitri Kalinin.
1:14 of 1st period - Wrist shot by Alexander Frolov.
1:14 of 1st period - Shot Misses the Net.
1:48 of 1st period - Ryan Mcdonagh is hit by Vitaly Vishnevsky and loses puck.
2:11 of 1st period - Slapshot by Alexander Edler.
2:11 of 1st period - Stopped by Henrik Lundqvist with a rebound.
2:31 of 1st period - Ryan Murray is hit by Vitaly Vishnevsky and loses puck.
2:52 of 1st period - Snap shot by Justin Abdelkader.
2:52 of 1st period - Stopped by Henrik Lundqvist with a rebound.
3:24 of 1st period - Off-side.
3:25 of 1st period - Andy Miele wins face-off versus Sidney Crosby in neutral zone.
3:49 of 1st period - Andy Miele is hit by Greg Stewart and loses puck.
4:41 of 1st period - Slapshot by Adam Pardy.
4:41 of 1st period - Shot Blocked by Ryan Mcdonagh.
4:43 of 1st period - Snap shot by Shaone Morrisonn.
4:43 of 1st period - Shot Blocked by Ryan Mcdonagh.
4:47 of 1st period - Slapshot by Brett Maclean.
4:47 of 1st period - Stopped by Viktor Fasth with a rebound.
4:55 of 1st period - Wrist shot by Dustin Boyd.
4:55 of 1st period - Shot Misses the Net.
4:57 of 1st period - Wrist shot by Adam Pardy.
4:57 of 1st period - Shot Misses the Net.
4:59 of 1st period - Snap shot by Adam Pardy.
4:59 of 1st period - Stopped by Viktor Fasth without a rebound.
5:00 of 1st period - Sidney Crosby wins face-off versus Mikael Granlund in Predators zone.
5:25 of 1st period - Byron Bitz is hit by Greg Stewart and loses puck.
6:06 of 1st period - Luke Schenn is hit by Mikael Granlund and loses puck.
6:44 of 1st period - Icing by Brett Maclean.
6:45 of 1st period - Brett Maclean wins face-off versus Anton Gustafsson in Canadiens zone.
7:10 of 1st period - Snap shot by Brett Maclean.
7:10 of 1st period - Shot Blocked by John Moore.
7:12 of 1st period - Wrist shot by Dustin Boyd.
7:12 of 1st period - Shot Blocked by John Moore.
7:14 of 1st period - Snap shot by David Jones.
7:14 of 1st period - Shot Misses the Net.
7:16 of 1st period - Wrist shot by Wes O'Neill.
7:16 of 1st period - Deflect By David Jones.
7:16 of 1st period - Stopped by Viktor Fasth without a rebound.
7:17 of 1st period - Mikael Granlund wins face-off versus Sidney Crosby in Predators zone.
7:17 of 1st period - Mikael Granlund is hit by Alexander Frolov.
7:33 of 1st period - Snap shot by Mikael Granlund.
7:33 of 1st period - Goal by Mikael Granlund - Predators : 1 - Canadiens : 0.
7:34 of 1st period - Sidney Crosby wins face-off versus Mikael Granlund in neutral zone.
7:39 of 1st period - Slapshot by Luke Schenn.
7:39 of 1st period - Shot Blocked by Alexander Edler.
8:44 of 1st period - Snap shot by Mikael Granlund.
8:44 of 1st period - Stopped by Henrik Lundqvist with a rebound.
8:46 of 1st period - Wrist shot by Alexander Ovechkin.
8:46 of 1st period - Shot Blocked by Wes O'Neill.
8:48 of 1st period - Slapshot by Michal Rozsival.
8:48 of 1st period - Stopped by Henrik Lundqvist with a rebound.
8:50 of 1st period - Slapshot by Michal Rozsival.
8:50 of 1st period - Shot Blocked by Dustin Boyd.
10:06 of 1st period - Slapshot by Chris Lawrence.
10:06 of 1st period - Shot Misses the Net.
10:08 of 1st period - Wrist shot by Brendan Gallagher.
10:08 of 1st period - Shot Blocked by Raphael Diaz.
10:12 of 1st period - Slapshot by Alexander Ovechkin.
10:12 of 1st period - Shot Misses the Net.
10:14 of 1st period - Snap shot by Mikael Granlund.
10:14 of 1st period - Shot Misses the Net.
10:32 of 1st period - Wrist shot by Sidney Crosby.
10:32 of 1st period - Stopped by Viktor Fasth with a rebound.
10:34 of 1st period - Snap shot by Marcel Goc.
10:34 of 1st period - Shot Blocked by Ryan Kesler.
10:44 of 1st period - Slapshot by Alexander Edler.
10:44 of 1st period - Shot Blocked by Shaone Morrisonn.
11:42 of 1st period - Snap shot by Chris Lawrence.
11:42 of 1st period - Shot Misses the Net.
11:44 of 1st period - Wrist shot by Anton Gustafsson.
11:44 of 1st period - Shot Hit the Post.
11:46 of 1st period - Wrist shot by Justin Abdelkader.
11:46 of 1st period - Deflect By Anton Gustafsson.
11:46 of 1st period - Shot Misses the Net.
11:46 of 1st period - Puck is out of play.
11:47 of 1st period - Ryan Kesler wins face-off versus Jason Spezza in Canadiens zone.
11:48 of 1st period - Slapshot by James Van Riemsdyk.
11:48 of 1st period - Stopped by Henrik Lundqvist with a rebound.
12:16 of 1st period - Alexander Ovechkin is hit by Sidney Crosby and loses puck.
12:35 of 1st period - Snap shot by David Jones.
12:35 of 1st period - Stopped by Viktor Fasth without a rebound.
12:36 of 1st period - Dustin Boyd wins face-off versus Andy Miele in Predators zone.
12:51 of 1st period - Slapshot by Adam Burish.
12:51 of 1st period - Shot Blocked by Luke Schenn.
13:10 of 1st period - Minor Penalty to Alexander Ovechkin for Interference.
13:11 of 1st period - Sidney Crosby wins face-off versus Andy Miele in Predators zone.
13:11 of 1st period - Snap shot by Joe Pavelski.
13:11 of 1st period - Goal by Joe Pavelski - Predators : 1 - Canadiens : 1.
13:12 of 1st period - Mikael Granlund wins face-off versus Sidney Crosby in neutral zone.
13:15 of 1st period - Slapshot by Alexander Edler.
13:15 of 1st period - Stopped by Henrik Lundqvist without a rebound.
13:16 of 1st period - Sidney Crosby wins face-off versus Mikael Granlund in Canadiens zone.
13:51 of 1st period - Slapshot by Evgeny Dadonov.
13:51 of 1st period - Deflect By Jason Spezza.
13:51 of 1st period - Stopped by Viktor Fasth with a rebound.
14:13 of 1st period - Snap shot by Ryan Mcdonagh.
14:13 of 1st period - Shot Blocked by Brett Maclean.
14:56 of 1st period - Snap shot by Alexander Ovechkin.
14:56 of 1st period - Deflect By Sidney Crosby.
14:56 of 1st period - Shot Misses the Net.
14:56 of 1st period - Puck is out of play.
14:57 of 1st period - Ryan Kesler wins face-off versus Jason Spezza in Canadiens zone.
15:06 of 1st period - Slapshot by James Van Riemsdyk.
15:06 of 1st period - Deflect By Byron Bitz.
15:06 of 1st period - Stopped by Henrik Lundqvist without a rebound.
15:07 of 1st period - Ryan Kesler wins face-off versus Jason Spezza in Canadiens zone.
15:16 of 1st period - Slapshot by Ryan Kesler.
15:16 of 1st period - Deflect By Byron Bitz.
15:16 of 1st period - Stopped by Henrik Lundqvist without a rebound.
15:17 of 1st period - Alexander Ovechkin wins face-off versus Sidney Crosby in Canadiens zone.
15:18 of 1st period - Slapshot by Mikael Granlund.
15:18 of 1st period - Stopped by Henrik Lundqvist without a rebound.
15:19 of 1st period - Sidney Crosby wins face-off versus Mikael Granlund in Canadiens zone.
15:28 of 1st period - Wrist shot by Sidney Crosby.
15:28 of 1st period - Shot Misses the Net.
15:30 of 1st period - Snap shot by Joe Pavelski.
15:30 of 1st period - Stopped by Viktor Fasth without a rebound.
15:31 of 1st period - Mikael Granlund wins face-off versus Sidney Crosby in Predators zone.
15:42 of 1st period - Slapshot by Brendan Gallagher.
15:42 of 1st period - Stopped by Henrik Lundqvist with a rebound.
17:10 of 1st period - Wrist shot by Brendan Gallagher.
17:10 of 1st period - Shot Misses the Net.
17:26 of 1st period - Snap shot by Evgeny Dadonov.
17:26 of 1st period - Deflect By John Moore.
17:26 of 1st period - Stopped by Viktor Fasth with a rebound.
17:42 of 1st period - Adam Burish is hit by Brett Maclean and loses puck.
18:03 of 1st period - Backhand shot by Sidney Crosby.
18:03 of 1st period - Shot Misses the Net.
18:13 of 1st period - Wes O'Neill is hit by Alexander Edler and loses puck.
18:20 of 1st period - Snap shot by Alexander Ovechkin.
18:20 of 1st period - Stopped by Henrik Lundqvist with a rebound.
18:22 of 1st period - Wrist shot by Michal Rozsival.
18:22 of 1st period - Shot Misses the Net.
18:56 of 1st period - Slapshot by Dmitri Kalinin.
18:56 of 1st period - Stopped by Henrik Lundqvist without a rebound.
18:57 of 1st period - Dustin Boyd wins face-off versus Andy Miele in Canadiens zone.
19:04 of 1st period - Slapshot by Luke Schenn.
19:04 of 1st period - Shot Blocked by Andy Miele.
19:18 of 1st period - Minor Penalty to Alexander Steen for Tripping.
19:19 of 1st period - Sidney Crosby wins face-off versus Andy Miele in Predators zone.
19:24 of 1st period - Snap shot by Joe Pavelski.
19:24 of 1st period - Deflect By Alexander Frolov.
19:24 of 1st period - Stopped by Viktor Fasth without a rebound.
19:25 of 1st period - Sidney Crosby wins face-off versus Andy Miele in Predators zone.
19:28 of 1st period - Wrist shot by Sidney Crosby.
19:28 of 1st period - Deflect By Alexander Frolov.
19:28 of 1st period - Stopped by Viktor Fasth with a rebound.
19:30 of 1st period - Wrist shot by Sidney Crosby.
19:30 of 1st period - Stopped by Viktor Fasth with a rebound.
19:32 of 1st period - Wrist shot by Sidney Crosby.
19:32 of 1st period - Deflect By Alexander Edler.
19:32 of 1st period - Stopped by Viktor Fasth without a rebound.
19:33 of 1st period - Sidney Crosby wins face-off versus Andy Miele in Predators zone.
19:34 of 1st period - Wrist shot by Joe Pavelski.
19:34 of 1st period - Stopped by Viktor Fasth with a rebound.
19:36 of 1st period - Snap shot by Joe Pavelski.
19:36 of 1st period - Stopped by Viktor Fasth with a rebound.
19:38 of 1st period - Slapshot by Sidney Crosby.
19:38 of 1st period - Shot Blocked by Alexander Edler.
19:40 of 1st period - Slapshot by Luke Schenn.
19:40 of 1st period - Deflect By Joe Pavelski.
19:40 of 1st period - Stopped by Viktor Fasth with a rebound.
19:42 of 1st period - Wrist shot by Sidney Crosby.
19:42 of 1st period - Goal by Sidney Crosby - Predators : 1 - Canadiens : 2.
19:43 of 1st period - Sidney Crosby wins face-off versus Mikael Granlund in neutral zone.
19:46 of 1st period - Slapshot by Luke Schenn.
19:46 of 1st period - Shot Misses the Net.
19:50 of 1st period - Snap shot by Sidney Crosby.
19:50 of 1st period - Deflect By Alexander Frolov.
19:50 of 1st period - Stopped by Viktor Fasth with a rebound.
19:56 of 1st period - Slapshot by Joe Pavelski.
19:56 of 1st period - Stopped by Viktor Fasth with a rebound.
Goals for this period are 1 for Predators vs 2 for Canadiens.
Shots for this period are 13 for Predators vs 20 for Canadiens.

2nd period


0:01 of 2nd period - Sidney Crosby wins face-off versus Mikael Granlund in neutral zone.
0:04 of 2nd period - Alexander Ovechkin is hit by Sidney Crosby and loses puck.
0:37 of 2nd period - Slapshot by James Van Riemsdyk.
0:37 of 2nd period - Stopped by Henrik Lundqvist without a rebound.
0:38 of 2nd period - Ryan Kesler wins face-off versus Marcel Goc in Canadiens zone.
0:46 of 2nd period - Minor Penalty to Vitaly Vishnevsky for Hooking.
0:47 of 2nd period - Sidney Crosby wins face-off versus Mikael Granlund in Canadiens zone.
2:35 of 2nd period - Icing by Mikael Granlund.
2:36 of 2nd period - Dustin Boyd wins face-off versus Mikael Granlund in Predators zone.
2:46 of 2nd period - Penalty to Vitaly Vishnevsky is over, Vitaly Vishnevsky is back on ice.
3:01 of 2nd period - Wrist shot by David Jones.
3:01 of 2nd period - Shot Misses the Net.
3:03 of 2nd period - Slapshot by Dustin Kohn.
3:03 of 2nd period - Shot Misses the Net.
3:05 of 2nd period - Slapshot by Wes O'Neill.
3:05 of 2nd period - Shot Blocked by Andy Miele.
3:44 of 2nd period - Icing by Ryan Mcdonagh.
3:45 of 2nd period - Sidney Crosby wins face-off versus Anton Gustafsson in Predators zone.
3:46 of 2nd period - Snap shot by Joe Pavelski.
3:46 of 2nd period - Shot Blocked by Justin Abdelkader.
4:05 of 2nd period - Icing by Joe Pavelski.
4:06 of 2nd period - Sidney Crosby wins face-off versus Mikael Granlund in Canadiens zone.
4:15 of 2nd period - Snap shot by Sidney Crosby.
4:15 of 2nd period - Shot Misses the Net.
4:17 of 2nd period - Slapshot by Adam Pardy.
4:17 of 2nd period - Shot Blocked by John Moore.
4:19 of 2nd period - Snap shot by Adam Pardy.
4:19 of 2nd period - Deflect By Joe Pavelski.
4:19 of 2nd period - Shot Misses the Net.
4:19 of 2nd period - Puck is out of play.
4:20 of 2nd period - Jason Spezza wins face-off versus Mikael Granlund in Predators zone.
4:25 of 2nd period - Slapshot by Evgeny Dadonov.
4:25 of 2nd period - Shot Misses the Net.
4:27 of 2nd period - Snap shot by Jason Spezza.
4:27 of 2nd period - Shot Blocked by Ryan Mcdonagh.
4:29 of 2nd period - Slapshot by Raphael Diaz.
4:29 of 2nd period - Deflect By Alexander Edler.
4:29 of 2nd period - Stopped by Viktor Fasth without a rebound.
4:30 of 2nd period - Mikael Granlund wins face-off versus Jason Spezza in Predators zone.
5:05 of 2nd period - Evgeny Dadonov is hit by Alexander Ovechkin.
5:33 of 2nd period - Wrist shot by Evgeny Dadonov.
5:33 of 2nd period - Shot Blocked by Brendan Gallagher.
5:35 of 2nd period - Snap shot by Evgeny Dadonov.
5:35 of 2nd period - Shot Misses the Net.
5:37 of 2nd period - Snap shot by Jason Spezza.
5:37 of 2nd period - Stopped by Viktor Fasth without a rebound.
5:38 of 2nd period - Ryan Kesler wins face-off versus Sidney Crosby in Predators zone.
5:45 of 2nd period - Wrist shot by Ryan Kesler.
5:45 of 2nd period - Shot Misses the Net.
6:45 of 2nd period - Backhand shot by Brett Maclean.
6:45 of 2nd period - Goal by Brett Maclean - Predators : 1 - Canadiens : 3.
6:46 of 2nd period - Mikael Granlund wins face-off versus Sidney Crosby in neutral zone.
6:50 of 2nd period - Minor Penalty to Sidney Crosby for Slashing.
6:51 of 2nd period - Mikael Granlund wins face-off versus Brett Maclean in Canadiens zone.
7:25 of 2nd period - Snap shot by Brendan Gallagher.
7:25 of 2nd period - Goal by Brendan Gallagher - Predators : 2 - Canadiens : 3.
7:26 of 2nd period - Mikael Granlund wins face-off versus Sidney Crosby in neutral zone.
7:33 of 2nd period - Snap shot by Alexander Ovechkin.
7:33 of 2nd period - Stopped by Henrik Lundqvist with a rebound.
7:43 of 2nd period - Snap shot by Sidney Crosby.
7:43 of 2nd period - Stopped by Viktor Fasth with a rebound.
8:33 of 2nd period - Minor Penalty to Andy Miele for Hooking.
8:34 of 2nd period - Justin Abdelkader wins face-off versus Sidney Crosby in Predators zone.
9:05 of 2nd period - Mikael Granlund is hit by Evgeny Dadonov and loses puck.
10:33 of 2nd period - Penalty to Andy Miele is over, Andy Miele is back on ice.
10:58 of 2nd period - Chris Lawrence is hit by Dustin Boyd and loses puck.
11:10 of 2nd period - Icing by Luke Schenn.
11:11 of 2nd period - Ryan Kesler wins face-off versus Dustin Boyd in Canadiens zone.
11:14 of 2nd period - Wrist shot by James Van Riemsdyk.
11:14 of 2nd period - Stopped by Henrik Lundqvist without a rebound.
11:15 of 2nd period - Dustin Boyd wins face-off versus Ryan Kesler in Canadiens zone.
11:21 of 2nd period - Wrist shot by James Van Riemsdyk.
11:21 of 2nd period - Stopped by Henrik Lundqvist with a rebound.
11:43 of 2nd period - Snap shot by Alexander Ovechkin.
11:43 of 2nd period - Stopped by Henrik Lundqvist with a rebound.
11:45 of 2nd period - Slapshot by Michal Rozsival.
11:45 of 2nd period - Deflect By Alexander Ovechkin.
11:45 of 2nd period - Stopped by Henrik Lundqvist without a rebound.
11:46 of 2nd period - Sidney Crosby wins face-off versus Mikael Granlund in Canadiens zone.
11:54 of 2nd period - Wrist shot by Alexander Ovechkin.
11:54 of 2nd period - Deflect By Brendan Gallagher.
11:54 of 2nd period - Shot Misses the Net.
11:54 of 2nd period - Puck is out of play.
11:55 of 2nd period - Sidney Crosby wins face-off versus Mikael Granlund in Canadiens zone.
12:06 of 2nd period - Wrist shot by Brendan Gallagher.
12:06 of 2nd period - Shot Misses the Net.
12:08 of 2nd period - Slapshot by Alexander Edler.
12:08 of 2nd period - Shot Blocked by Luke Schenn.
12:10 of 2nd period - Wrist shot by Alexander Ovechkin.
12:10 of 2nd period - Stopped by Henrik Lundqvist with a rebound.
12:12 of 2nd period - Snap shot by Brendan Gallagher.
12:12 of 2nd period - Shot Misses the Net.
12:14 of 2nd period - Slapshot by Ryan Mcdonagh.
12:14 of 2nd period - Shot Misses the Net.
12:16 of 2nd period - Wrist shot by Mikael Granlund.
12:16 of 2nd period - Stopped by Henrik Lundqvist with a rebound.
12:20 of 2nd period - Slapshot by Alexander Ovechkin.
12:20 of 2nd period - Shot Misses the Net.
12:22 of 2nd period - Snap shot by Mikael Granlund.
12:22 of 2nd period - Stopped by Henrik Lundqvist without a rebound.
12:23 of 2nd period - Ryan Kesler wins face-off versus Jason Spezza in Canadiens zone.
12:30 of 2nd period - Slapshot by Byron Bitz.
12:30 of 2nd period - Shot Misses the Net.
12:54 of 2nd period - Enver Lisin is hit by John Moore and loses puck.
13:09 of 2nd period - Wrist shot by James Van Riemsdyk.
13:09 of 2nd period - Shot Blocked by Enver Lisin.
13:11 of 2nd period - Snap shot by Ryan Kesler.
13:11 of 2nd period - Shot Misses the Net.
13:13 of 2nd period - Snap shot by Ryan Murray.
13:13 of 2nd period - Deflect By Ryan Kesler.
13:13 of 2nd period - Shot Misses the Net.
13:13 of 2nd period - Puck is out of play.
13:14 of 2nd period - Jason Spezza wins face-off versus Mikael Granlund in Canadiens zone.
13:14 of 2nd period - Jason Spezza is hit by Alexander Ovechkin.
13:20 of 2nd period - Mikael Granlund is hit by Evgeny Dadonov and loses puck.
13:55 of 2nd period - Slapshot by Mikael Granlund.
13:55 of 2nd period - Stopped by Henrik Lundqvist without a rebound.
13:56 of 2nd period - Joe Pavelski wins face-off versus Andy Miele in Canadiens zone.
14:48 of 2nd period - Minor Penalty to Enver Lisin for Boarding.
14:49 of 2nd period - Sidney Crosby wins face-off versus Mikael Granlund in Canadiens zone.
16:48 of 2nd period - Penalty to Enver Lisin is over, Enver Lisin is back on ice.
17:18 of 2nd period - Snap shot by Andy Miele.
17:18 of 2nd period - Deflect By Alexander Steen.
17:18 of 2nd period - Shot Blocked by Joe Pavelski.
17:18 of 2nd period - Puck is out of play.
17:19 of 2nd period - Andy Miele wins face-off versus Sidney Crosby in Canadiens zone.
17:22 of 2nd period - Wrist shot by Adam Burish.
17:22 of 2nd period - Stopped by Henrik Lundqvist with a rebound.
18:01 of 2nd period - Minor Penalty to Michal Rozsival for Holding.
18:02 of 2nd period - Andy Miele wins face-off versus Sidney Crosby in Predators zone.
18:43 of 2nd period - Minor Penalty to Greg Stewart for Hooking.
18:44 of 2nd period - Ryan Kesler wins face-off versus Sidney Crosby in Canadiens zone.
18:45 of 2nd period - Snap shot by Alexander Ovechkin.
18:45 of 2nd period - Stopped by Henrik Lundqvist with a rebound.
18:49 of 2nd period - Wrist shot by Alexander Ovechkin.
18:49 of 2nd period - Stopped by Henrik Lundqvist without a rebound.
18:50 of 2nd period - Ryan Kesler wins face-off versus Sidney Crosby in Canadiens zone.
Goals for this period are 1 for Predators vs 1 for Canadiens.
Shots for this period are 14 for Predators vs 4 for Canadiens.

3rd period


0:01 of 3rd period - Penalty to Michal Rozsival is over, Michal Rozsival is back on ice.
0:01 of 3rd period - Ryan Kesler wins face-off versus Sidney Crosby in neutral zone.
0:04 of 3rd period - Slapshot by Alexander Edler.
0:04 of 3rd period - Shot Blocked by Raphael Diaz.
0:14 of 3rd period - Slapshot by Alexander Edler.
0:14 of 3rd period - Shot Blocked by Raphael Diaz.
0:43 of 3rd period - Penalty to Greg Stewart is over, Greg Stewart is back on ice.
0:52 of 3rd period - Wrist shot by Brett Maclean.
0:52 of 3rd period - Stopped by Viktor Fasth without a rebound.
0:53 of 3rd period - Dustin Boyd wins face-off versus Andy Miele in Predators zone.
1:08 of 3rd period - Wrist shot by Dustin Boyd.
1:08 of 3rd period - Shot Misses the Net.
1:10 of 3rd period - Slapshot by Wes O'Neill.
1:10 of 3rd period - Stopped by Viktor Fasth without a rebound.
1:11 of 3rd period - Sidney Crosby wins face-off versus Mikael Granlund in Predators zone.
1:36 of 3rd period - Byron Bitz is hit by Jason Spezza and loses puck.
1:57 of 3rd period - Slapshot by Luke Schenn.
1:57 of 3rd period - Stopped by Viktor Fasth with a rebound.
1:59 of 3rd period - Wrist shot by Brett Maclean.
1:59 of 3rd period - Stopped by Viktor Fasth without a rebound.
2:00 of 3rd period - David Jones wins face-off versus Brendan Gallagher in Predators zone.
2:07 of 3rd period - Slapshot by Brett Maclean.
2:07 of 3rd period - Shot Blocked by John Moore.
2:09 of 3rd period - Slapshot by Wes O'Neill.
2:09 of 3rd period - Deflect By Dustin Boyd.
2:09 of 3rd period - Deflect By Mikael Granlund.
2:09 of 3rd period - Shot Misses the Net.
2:09 of 3rd period - Puck is out of play.
2:10 of 3rd period - Sidney Crosby wins face-off versus Mikael Granlund in Predators zone.
2:11 of 3rd period - Snap shot by Alexander Frolov.
2:11 of 3rd period - Stopped by Viktor Fasth with a rebound.
2:17 of 3rd period - Snap shot by Alexander Frolov.
2:17 of 3rd period - Stopped by Viktor Fasth with a rebound.
2:47 of 3rd period - Wrist shot by James Van Riemsdyk.
2:47 of 3rd period - Deflect By Ryan Kesler.
2:47 of 3rd period - Shot Misses the Net.
2:47 of 3rd period - Puck is out of play.
2:48 of 3rd period - Sidney Crosby wins face-off versus Mikael Granlund in Canadiens zone.
2:48 of 3rd period - Sidney Crosby is hit by Alexander Edler.
3:14 of 3rd period - Ryan Kesler is hit by Luke Schenn.
3:20 of 3rd period - Jason Spezza is hit by James Van Riemsdyk and loses puck.
4:44 of 3rd period - Marcel Goc is hit by Byron Bitz and loses puck.
5:53 of 3rd period - Shaone Morrisonn is hit by Ryan Mcdonagh.
6:03 of 3rd period - Slapshot by James Van Riemsdyk.
6:03 of 3rd period - Shot Blocked by Shaone Morrisonn.
6:27 of 3rd period - Wrist shot by Jason Spezza.
6:27 of 3rd period - Shot Misses the Net.
6:35 of 3rd period - Snap shot by Evgeny Dadonov.
6:35 of 3rd period - Stopped by Viktor Fasth without a rebound.
6:36 of 3rd period - Joe Pavelski wins face-off versus Mikael Granlund in Predators zone.
7:32 of 3rd period - Wrist shot by Sidney Crosby.
7:32 of 3rd period - Shot Misses the Net.
7:34 of 3rd period - Slapshot by Sidney Crosby.
7:34 of 3rd period - Shot Blocked by Dmitri Kalinin.
7:36 of 3rd period - Slapshot by Marcel Goc.
7:36 of 3rd period - Stopped by Viktor Fasth with a rebound.
7:58 of 3rd period - Slapshot by Alexander Ovechkin.
7:58 of 3rd period - Stopped by Henrik Lundqvist with a rebound.
8:11 of 3rd period - Minor Penalty to Justin Abdelkader for Tripping.
8:12 of 3rd period - Sidney Crosby wins face-off versus Andy Miele in Predators zone.
8:57 of 3rd period - Byron Bitz is hit by Greg Stewart and loses puck.
9:12 of 3rd period - Wrist shot by Sidney Crosby.
9:12 of 3rd period - Stopped by Viktor Fasth without a rebound.
9:13 of 3rd period - Anton Gustafsson wins face-off versus Sidney Crosby in Predators zone.
9:40 of 3rd period - Greg Stewart is hit by Adam Burish and loses puck.
10:11 of 3rd period - Penalty to Justin Abdelkader is over, Justin Abdelkader is back on ice.
10:41 of 3rd period - Wrist shot by Chris Lawrence.
10:41 of 3rd period - Deflect By Justin Abdelkader.
10:41 of 3rd period - Stopped by Henrik Lundqvist with a rebound.
11:07 of 3rd period - Wes O'Neill is hit by Alexander Edler and loses puck.
11:30 of 3rd period - Wes O'Neill is hit by Justin Abdelkader and loses puck.
11:56 of 3rd period - Shaone Morrisonn is hit by Alexander Edler and loses puck.
12:07 of 3rd period - Enver Lisin is hit by Ryan Murray and loses puck.
12:11 of 3rd period - Icing by Shaone Morrisonn.
12:12 of 3rd period - Marcel Goc wins face-off versus Andy Miele in Canadiens zone.
12:42 of 3rd period - Snap shot by Sidney Crosby.
12:42 of 3rd period - Deflect By Enver Lisin.
12:42 of 3rd period - Shot Misses the Net.
12:42 of 3rd period - Puck is out of play.
12:43 of 3rd period - Jason Spezza wins face-off versus Mikael Granlund in Predators zone.
13:08 of 3rd period - Alexander Edler is hit by David Jones.
13:18 of 3rd period - Snap shot by Brett Maclean.
13:18 of 3rd period - Stopped by Viktor Fasth with a rebound.
13:20 of 3rd period - Slapshot by Wes O'Neill.
13:20 of 3rd period - Stopped by Viktor Fasth with a rebound.
13:44 of 3rd period - Evgeny Dadonov is hit by Michal Rozsival and loses puck.
13:49 of 3rd period - Wrist shot by Andy Miele.
13:49 of 3rd period - Shot Misses the Net.
13:51 of 3rd period - Snap shot by Alexander Steen.
13:51 of 3rd period - Shot Blocked by Evgeny Dadonov.
14:29 of 3rd period - Minor Penalty to Anton Gustafsson for Hooking.
14:30 of 3rd period - Andy Miele wins face-off versus Joe Pavelski in Predators zone.
16:29 of 3rd period - Penalty to Anton Gustafsson is over, Anton Gustafsson is back on ice.
16:55 of 3rd period - Shaone Morrisonn is hit by James Van Riemsdyk and loses puck.
17:00 of 3rd period - Wrist shot by Brendan Gallagher.
17:00 of 3rd period - Stopped by Henrik Lundqvist with a rebound.
17:02 of 3rd period - Snap shot by Ryan Mcdonagh.
17:02 of 3rd period - Stopped by Henrik Lundqvist with a rebound.
17:04 of 3rd period - Snap shot by Brendan Gallagher.
17:04 of 3rd period - Shot Blocked by Alexander Frolov.
17:30 of 3rd period - Dustin Kohn is hit by Ryan Kesler and loses puck.
18:10 of 3rd period - Sidney Crosby is hit by Michal Rozsival and loses puck.
18:50 of 3rd period - Michal Rozsival is hit by Dustin Kohn and loses puck.
19:01 of 3rd period - Predators, Viktor Fasth is pulled from the net.
19:21 of 3rd period - Snap shot by Joe Pavelski.
19:21 of 3rd period - Shot Misses the Net.
19:45 of 3rd period - Snap shot by Joe Pavelski.
19:45 of 3rd period - Goal by Joe Pavelski - Predators : 2 - Canadiens : 4.
19:45 of 3rd period - Viktor Fasth from Predators was sent back in the game.
19:46 of 3rd period - Sidney Crosby wins face-off versus Mikael Granlund in neutral zone.
Goals for this period are 0 for Predators vs 1 for Canadiens.
Shots for this period are 4 for Predators vs 12 for Canadiens.